[Event "Titled Tuesday Blitz January 10 Late 2023"]
[White "Yashmetov, Mikhail"]
[Black "Souleidis, Georgios"]
[WhiteFideId "24198900"]
[BlackFideId "4206827"]
[WhiteElo "2323"]
[BlackElo "2419"]
[Result "0-1"]
[Round "11"]
[TimeControl "180+2"]
[Date "2023.01.10"]
[WhiteClock "0:00:02"]
[BlackClock "0:00:07"]

1. d4 Nf6 2. c4 g6 3. g3 Bg7 4. Bg2 O-O 5. Nf3 d6 6. O-O Nc6 7. Nc3 e5 8. d5 Nb8 9. c5 Na6 10. cxd6 cxd6 11. a4 Nb4 12. Nd2 Nd7 13. Nb3 a5 14. Nb5 Nf6 15. Bd2 Ne8 16. Rc1 Bd7 17. Nc3 f5 18. Na1 e4 19. Nc2 Qb6 20. Na3 Nf6 21. Be3 Qa6 22. Nab5 Rac8 23. Qd2 Ng4 24. Bf4 Ne5 25. b3 Qb6 26. Be3 Qa6 27. h3 Rfe8 28. Bd4 Red8 29. f3 exf3 30. exf3 Ned3 31. Bxg7 Kxg7 32. Rcd1 Qb6+ 33. Kh2 Bxb5 34. Nxb5 Rc2 35. Qg5 Re8 36. Rd2 Rxd2 37. Qxd2 f4 38. gxf4 Qc5 39. Qc3+ Qxc3 40. Nxc3 Nxf4 41. Ne4 Rd8 42. Rc1 Rd7 43. Rc8 Nbxd5 44. Ra8 b6 45. Bf1 Nf6 46. Ng5 h6 47. Ne4 Nxe4 48. fxe4 Re7 49. Rb8 Rxe4 50. Rxb6 Rd4 51. Rb5 Rd5 52. Rb7+ Kf6 53. Bc4 Rc5 54. Rb6 Ke5 55. Rb7 g5 56. Re7+ Kf6 57. Rd7 d5 58. Bb5 h5 59. Kg3 Rc3+ 60. Kf2 Nxh3+ 61. Ke2 Nf4+ 62. Kd2 Rxb3 63. Rd6+ Ke5 64. Ra6 Kd4 65. Rxa5 Rb2+ 66. Kc1 Rh2 67. Ra8 Kc3 68. Rc8+ Kb4 69. Rb8 Kc3 70. Rc8+ Kb4 71. Rb8 d4 72. Bc6+ Kc3 73. Be4 Nd3+ 74. Bxd3 Kxd3 75. a5 Ra2 76. Rb5 Kc4 77. Rxg5 h4 78. Rh5 Kc3 79. Kd1 Ra1+ 80. Ke2 d3+ 81. Ke3 Re1+ 82. Kf2 d2 83. Rc5+ Kb4 84. Rd5 d1=Q 0-1


[Site "https://www.chess.com"]

[Event "Titled Tuesday Blitz January 10 Late 2023"]
[White "Dudzinski, Pawel"]
[Black "Adewumi, Tanitoluwa"]
[WhiteFideId "1117890"]
[BlackFideId "30966396"]
[WhiteElo "2186"]
[BlackElo "2283"]
[Result "0-1"]
[Round "11"]
[TimeControl "180+2"]
[Date "2023.01.10"]
[WhiteClock "0:02:27"]
[BlackClock "0:02:44"]

1. e4 c6 2. d4 d5 3. exd5 cxd5 4. Bd3 Nc6 5. c3 Nf6 6. h3 g6 7. Nf3 Bf5 8. O-O e6 9. Re1 Bg7 10. Bxf5 gxf5 11. Bf4 Ne4 12. Ne5 Nxe5 13. Bxe5 Bxe5 14. dxe5 Rg8 15. f3 Qb6+ 16. Kh2 Rxg2+ 17. Kxg2 Qf2+ 0-1


[Site "https://www.chess.com"]

[Event "Titled Tuesday Blitz January 10 Late 2023"]
[White "Novikova, Galina"]
[Black "Musovic, Armin"]
[WhiteFideId "4157095"]
[BlackFideId "939935"]
[WhiteElo "2073"]
[BlackElo "2261"]
[Result "0-1"]
[Round "11"]
[TimeControl "180+2"]
[Date "2023.01.10"]
[WhiteClock "0:00:01"]
[BlackClock "0:00:15"]

1. e4 c6 2. d4 d5 3. e5 c5 4. dxc5 Nc6 5. Bf4 e6 6. Qg4 h5 7. Qg3 Nge7 8. Bd3 Qa5+ 9. c3 Qxc5 10. Nf3 g6 11. O-O Qb6 12. b4 Bg7 13. a4 a5 14. b5 Nb8 15. Nbd2 Nd7 16. c4 Nc5 17. Bc2 Qc7 18. Rac1 b6 19. cxd5 Nxd5 20. Bg5 O-O 21. Ne4 Bb7 22. Nd6 Nb4 23. Nxb7 Qxb7 24. Bf6 Nxc2 25. Rxc2 Rfc8 26. Bxg7 Kxg7 27. Qg5 Ne4 28. Qc1 Rxc2 29. Qxc2 Rc8 30. Qd3 Qd5 31. Qe3 Rc3 32. Qf4 Rc4 33. Ng5 Nxg5 34. Qf6+ Kg8 35. Qxg5 Rxa4 36. h3 Rd4 37. Kh2 Rd1 38. Rxd1 Qxd1 39. Qe7 Qd5 40. f4 Qd4 41. Qf6 a4 42. Kg3 Qd3+ 43. Kh2 a3 44. Qe7 a2 45. Qa3 Qxa3 0-1


[Site "https://www.chess.com"]

[Event "Titled Tuesday Blitz January 10 Late 2023"]
[White "Fernandez Garcia, Gumersindo"]
[Black "Skurikhin, Dmitrij"]
[WhiteFideId "24516740"]
[BlackFideId "4161297"]
[WhiteElo "2160"]
[BlackElo "2297"]
[Result "1-0"]
[Round "11"]
[TimeControl "180+2"]
[Date "2023.01.10"]
[WhiteClock "0:01:13"]
[BlackClock "0:01:38"]

1. e4 e6 2. d4 d5 3. Bd3 c5 4. exd5 exd5 5. Nf3 Nc6 6. dxc5 Bxc5 7. O-O Nge7 8. Nc3 Bg4 9. h3 Bh5 10. Bg5 f6 11. Bf4 Qd7 12. Re1 O-O-O 13. Be2 g5 14. Bg3 Bg6 15. Nb5 Nf5 16. Bh2 d4 17. Bd3 Rhe8 18. Qd2 Bb4 19. Qxb4 a6 20. Qa5 Qf7 21. Na7+ Nxa7 22. Bxf5+ Bxf5 23. Qxf5+ Qd7 24. Qxd7+ Rxd7 25. Rxe8+ 1-0


[Site "https://www.chess.com"]

[Event "Titled Tuesday Blitz January 10 Late 2023"]
[White "Santos Flores, Alberto"]
[Black "Lacasa Diaz, Jose Antonio"]
[WhiteFideId "3601234"]
[BlackFideId "2203375"]
[WhiteElo "2164"]
[BlackElo "2359"]
[Result "1-0"]
[Round "11"]
[TimeControl "180+2"]
[Date "2023.01.10"]
[WhiteClock "0:00:19"]
[BlackClock "0:00:11"]

1. d4 d5 2. Nf3 e6 3. c4 c5 4. e3 Nc6 5. Nc3 Nf6 6. a3 cxd4 7. exd4 Be7 8. Bd3 dxc4 9. Bxc4 O-O 10. O-O b6 11. Be3 Bb7 12. Ne5 Rc8 13. Ba2 Bd6 14. Nc4 Bb8 15. Rc1 h6 16. Qd2 Ng4 17. h3 Nxe3 18. fxe3 Qh4 19. Qf2 Bg3 20. Qe2 Ne7 21. Nd2 Bb8 22. Qf2 Qxf2+ 23. Kxf2 Nf5 24. Bb1 Bg3+ 25. Ke2 Rfd8 26. Be4 Ba6+ 27. Bd3 Bxd3+ 28. Kxd3 Bb8 29. Ne2 e5 30. Rxf5 Rxc1 31. Nxc1 exd4 32. exd4 g6 33. Rf1 Be5 34. Ne2 Bg7 35. Rc1 Re8 36. Rc7 a5 37. a4 Re6 38. b3 h5 39. d5 Rd6 40. Kc4 Bh6 41. Ne4 Rd8 42. d6 Be3 43. d7 Kg7 44. Kd5 h4 45. Kc6 Bf4 46. Rc8 Bg5 47. Nxg5 Rxd7 48. Kxd7 Kf6 49. Ne4+ Ke5 50. N4c3 Kf5 51. Rc6 f6 52. Rxb6 1-0


[Site "https://www.chess.com"]

[Event "Titled Tuesday Blitz January 10 Late 2023"]
[White "Wu, Brandon"]
[Black "Zampronha, Wladimir Camilo"]
[WhiteFideId "30909228"]
[BlackFideId "2103087"]
[WhiteElo "2123"]
[BlackElo "2176"]
[Result "1-0"]
[Round "11"]
[TimeControl "180+2"]
[Date "2023.01.10"]
[WhiteClock "0:01:32"]
[BlackClock "0:01:12"]

1. Nf3 Nf6 2. g3 e6 3. Bg2 d5 4. O-O Be7 5. c4 O-O 6. d4 dxc4 7. Ne5 Nc6 8. Bxc6 bxc6 9. Nxc6 Qe8 10. Nxe7+ Qxe7 11. Qa4 c5 12. Qxc4 cxd4 13. Qxd4 e5 14. Qh4 Rb8 15. Nc3 Rb4 16. e4 Bb7 17. f3 Rd8 18. Qg5 Ba6 19. Re1 h6 20. Qe3 Rd3 21. Qf2 Qd7 22. Be3 Rb8 23. Rad1 Rb7 24. Rxd3 Qxd3 25. Rd1 Qc4 26. Bxa7 Qb4 27. Rd2 Bc4 28. Qc5 Qa5 29. Qxa5 1-0


[Site "https://www.chess.com"]

[Event "Titled Tuesday Blitz January 10 Late 2023"]
[White "Tokhirjonova, Gulrukhbegim"]
[Black "Liu, Kelsey"]
[WhiteFideId "14203626"]
[BlackFideId "30944481"]
[WhiteElo "2340"]
[BlackElo "2065"]
[Result "1/2-1/2"]
[Round "11"]
[TimeControl "180+2"]
[Date "2023.01.10"]
[WhiteClock "0:00:10"]
[BlackClock "0:00:08"]

1. e4 c5 2. Nf3 e6 3. d4 cxd4 4. Nxd4 Nc6 5. c4 Nf6 6. Nc3 Bb4 7. Qd3 O-O 8. Be2 d5 9. exd5 exd5 10. cxd5 Nxd5 11. O-O Nxc3 12. bxc3 Bxc3 13. Qxc3 Qxd4 14. Bb2 Qxc3 15. Bxc3 Bf5 16. Bf3 Rad8 17. Rad1 Rxd1 18. Rxd1 Rd8 19. Re1 Kf8 20. h3 f6 21. g4 Bg6 22. Kg2 Re8 23. Rd1 Ne5 24. Bxb7 Rb8 25. Bd5 Rd8 26. Kg3 Be4 27. Bb4+ Ke8 28. Bb3 Rxd1 29. Bxd1 Kd7 30. Ba4+ Kc7 31. f4 Nd3 32. Bf8 g6 33. Bb3 Nc1 34. Bg8 h5 35. gxh5 gxh5 36. Bf7 Ne2+ 37. Kf2 Nxf4 38. Ke3 Ng6 39. Bc5 Bf5 40. Bxa7 Ne5 41. Bxh5 Bxh3 42. Bd4 Be6 43. a4 Kb7 44. Be2 Nc4+ 45. Kf4 Ne5 46. a5 Nc4 47. Bxf6 Nxa5 48. Bf3+ Kc7 49. Be5+ Kd7 50. Kg5 Nc6 51. Bc3 Ne7 52. Kf6 Nd5+ 53. Bxd5 Bxd5 1/2-1/2


[Site "https://www.chess.com"]

[Event "Titled Tuesday Blitz January 10 Late 2023"]
[White "Corredor Castellanos, Camilo"]
[Black "reevecanada"]
[WhiteFideId "4425871"]
[WhiteElo "1957"]
[BlackElo "2497"]
[Result "1-0"]
[Round "11"]
[TimeControl "180+2"]
[Date "2023.01.10"]
[WhiteClock "0:01:14"]
[BlackClock "0:00:09"]

1. d4 d5 2. c4 c6 3. Nf3 dxc4 4. e3 b5 5. a4 a6 6. Ne5 Nf6 7. g4 Qb6 8. g5 Nfd7 9. Bg2 Nxe5 10. dxe5 e6 11. Nc3 Bb7 12. b3 cxb3 13. O-O Nd7 14. Qxb3 Nc5 15. Qb1 Be7 16. axb5 cxb5 17. Nxb5 O-O 18. Nd6 Qxb1 19. Rxb1 Bxg2 20. Kxg2 Nd3 21. f4 f6 22. gxf6 gxf6 23. Ba3 fxe5 24. Rb3 e4 25. Nxe4 Bxa3 26. Rxa3 Nb4 27. Nc5 Rac8 28. Nxe6 Rfe8 29. f5 Kf7 30. Kf3 Kf6 31. e4 Rc2 32. Kf4 Rc4 33. Rd1 Ke7 34. Rh3 Rh8 35. Rg3 Nc6 36. Rg7+ Ke8 37. f6 Rf8 38. Nc7# 1-0


[Site "https://www.chess.com"]

[Event "Titled Tuesday Blitz January 10 Late 2023"]
[White "Jovic, Stanoje"]
[Black "Vaglio Munoz, Jaime"]
[WhiteFideId "905020"]
[BlackFideId "6500145"]
[WhiteElo "2075"]
[BlackElo "2174"]
[Result "1-0"]
[Round "11"]
[TimeControl "180+2"]
[Date "2023.01.10"]
[WhiteClock "0:01:42"]
[BlackClock "0:01:49"]

1. c4 c6 2. e4 a6 3. d4 b5 4. b3 e6 5. d5 cxd5 6. cxd5 Nf6 7. Bd3 Bb7 8. Nf3 exd5 9. exd5 Nxd5 10. O-O Be7 11. Be4 Bf6 12. Bxd5 Bxd5 13. Qxd5 Nc6 14. Re1+ Kf8 15. Ng5 Bxg5 16. Bxg5 f6 17. Be3 g6 18. Bh6# 1-0


[Site "https://www.chess.com"]

[Event "Titled Tuesday Blitz January 10 Late 2023"]
[White "Khandelwal, Ankush"]
[Black "Muhammad, Shahzeb"]
[WhiteFideId "413470"]
[BlackFideId "7804806"]
[WhiteElo "2205"]
[BlackElo "1853"]
[Result "1-0"]
[Round "11"]
[TimeControl "180+2"]
[Date "2023.01.10"]
[WhiteClock "0:01:55"]
[BlackClock "0:01:42"]

1. e4 d5 2. exd5 Nf6 3. d4 Nxd5 4. c4 Nb6 5. Nc3 e5 6. d5 Bb4 7. Nf3 O-O 8. Be2 e4 9. Nd4 N8d7 10. O-O Ne5 11. Nxe4 f5 12. Ng5 Be7 13. Nge6 Bxe6 14. Nxe6 Qd6 15. c5 Qxd5 16. Nxf8 Qxc5 17. Ne6 Qc6 18. Qb3 Nec4 19. Nd4 Qd5 20. Nxf5 Bf8 21. Ne3 Nxe3 22. Bxe3 Qxb3 23. axb3 1-0


[Site "https://www.chess.com"]

[Event "Titled Tuesday Blitz January 10 Late 2023"]
[White "Womacka, Mathias"]
[Black "De Arruda, Leandro Formes"]
[WhiteFideId "4611390"]
[BlackFideId "22722009"]
[WhiteElo "2396"]
[BlackElo "1980"]
[Result "1-0"]
[Round "11"]
[TimeControl "180+2"]
[Date "2023.01.10"]
[WhiteClock "0:01:57"]
[BlackClock "0:01:08"]

1. e4 e6 2. d4 d5 3. Nd2 dxe4 4. Nxe4 Nd7 5. Nf3 Ngf6 6. Bd3 Be7 7. Qe2 O-O 8. Bg5 c5 9. Nxc5 Nxc5 10. dxc5 Qa5+ 11. c3 Qxc5 12. O-O-O a5 13. Kb1 a4 14. a3 b5 15. Bxf6 Bxf6 16. Qe4 g6 17. Qxa8 Bxc3 18. Rc1 b4 19. axb4 Qxb4 20. Rxc3 Bb7 21. Qa7 Bd5 22. Qc5 Qb7 23. Rhc1 Rb8 24. Qa3 h5 25. Rc7 Qb6 26. Rc8+ Rxc8 27. Rxc8+ Kh7 28. Qf8 1-0


[Site "https://www.chess.com"]

[Event "Titled Tuesday Blitz January 10 Late 2023"]
[White "Bon, Michael"]
[Black "Kabilov, Amin"]
[WhiteFideId "620696"]
[BlackFideId "14700859"]
[WhiteElo "2394"]
[BlackElo "2207"]
[Result "1-0"]
[Round "11"]
[TimeControl "180+2"]
[Date "2023.01.10"]
[WhiteClock "0:00:54"]
[BlackClock "0:00:12"]

1. e4 e5 2. Nc3 Nf6 3. Nf3 Nc6 4. Bb5 Nd4 5. Bc4 Bc5 6. Nxe5 Qe7 7. Nf3 d5 8. Nxd5 Qxe4+ 9. Ne3 Bg4 10. Be2 Nxe2 11. Qxe2 O-O 12. d3 Qe7 13. Nxg4 Qxe2+ 14. Kxe2 Nxg4 15. d4 Rfe8+ 16. Be3 Bd6 17. Kd2 Re7 18. h3 Nxe3 19. fxe3 Rae8 20. Rae1 Bg3 21. Re2 f5 22. Kd3 Re4 23. Nd2 R4e6 24. Rf1 g6 25. e4 fxe4+ 26. Rxe4 Rxe4 27. Nxe4 Bh4 28. c4 Bd8 29. d5 Kg7 30. Kd4 b6 31. b4 Be7 32. c5 a5 33. d6 bxc5+ 34. bxc5 cxd6 35. cxd6 Bf8 36. Kd5 Rb8 37. Nc5 Rb5 38. Kc6 Rb2 39. Ne6+ Kh6 40. Rxf8 1-0


[Site "https://www.chess.com"]

[Event "Titled Tuesday Blitz January 10 Late 2023"]
[White "Szyszylo, Rafal"]
[Black "Torres Dominguez, David"]
[WhiteFideId "1109626"]
[BlackFideId "2220857"]
[WhiteElo "2091"]
[BlackElo "1994"]
[Result "1-0"]
[Round "11"]
[TimeControl "180+2"]
[Date "2023.01.10"]
[WhiteClock "0:00:05"]
[BlackClock "0:00:01"]

1. e4 Nc6 2. Nf3 e5 3. Bc4 Bc5 4. d3 Nf6 5. Nbd2 d6 6. c3 a6 7. Bb3 Ba7 8. O-O h6 9. Re1 g5 10. d4 g4 11. dxe5 dxe5 12. Nh4 h5 13. Nf5 h4 14. g3 Bxf5 15. exf5 hxg3 16. hxg3 Qd7 17. Ne4 Qxf5 18. Nxf6+ Qxf6 19. Be3 Bxe3 20. Rxe3 Qg6 21. Bd5 O-O-O 22. Qb3 Qh5 23. Bg2 Qh2+ 24. Kf1 Qh5 25. Rae1 Rd6 26. Ke2 Rhd8 27. Kf1 f6 28. a4 Qh2 29. Qc2 Rh8 30. Qf5+ Kb8 31. b4 Qh6 32. b5 axb5 33. axb5 Na5 34. Qb1 Rhd8 35. Qb4 b6 36. Qe4 Kc8 37. c4 Kd7 38. c5 bxc5 39. Qa4 Ke7 40. Qxa5 R8d7 41. Qa3 1-0


[Site "https://www.chess.com"]

[Event "Titled Tuesday Blitz January 10 Late 2023"]
[White "Floresvillar Gonzalez, Luis Migu"]
[Black "Dedona, Mark"]
[WhiteFideId "5100542"]
[BlackFideId "30920256"]
[WhiteElo "2043"]
[BlackElo "1662"]
[Result "1-0"]
[Round "11"]
[TimeControl "180+2"]
[Date "2023.01.10"]
[WhiteClock "0:00:18"]
[BlackClock "0:00:27"]

1. d4 Nf6 2. c3 e6 3. Bg5 h6 4. Bh4 Be7 5. Nd2 d5 6. e3 c5 7. Bd3 cxd4 8. exd4 Nc6 9. Ngf3 Nh5 10. Bxe7 Qxe7 11. O-O O-O 12. Re1 Nf4 13. Bf1 f6 14. g3 Ng6 15. Qb3 a6 16. a4 Rb8 17. a5 Bd7 18. Qc2 Qd6 19. Qxg6 f5 20. Qh5 Be8 21. Qh3 Rf6 22. Ne5 Ne7 23. f4 g5 24. fxg5 hxg5 25. Bd3 Kg7 26. Rf1 Bg6 27. Rae1 Rh8 28. Qg2 Be8 29. Rf2 Rfh6 30. Ndf3 Kf6 31. Qf1 Bh5 32. Be2 Ng6 33. Nxg6 Bxg6 34. Ne5 Kg7 35. Bd3 g4 36. Qe2 Bf7 37. Nxf7 Qxg3+ 38. Rg2 Rxh2 39. Rxg3 Rh1+ 40. Kf2 R8h2+ 41. Rg2 Kxf7 42. Qxe6+ Kg7 43. Qe7+ Kg6 44. Bxf5+ Kxf5 45. Re5+ Kg6 46. Rg5+ Kh6 47. Qg7# 1-0


[Site "https://www.chess.com"]

[Event "Titled Tuesday Blitz January 10 Late 2023"]
[White "Osmonbekov, Talaibek"]
[Black "Roman, Rodrigo"]
[WhiteFideId "2017253"]
[BlackFideId "3701220"]
[WhiteElo "2137"]
[BlackElo "2058"]
[Result "1-0"]
[Round "11"]
[TimeControl "180+2"]
[Date "2023.01.10"]
[WhiteClock "0:01:52"]
[BlackClock "0:02:35"]

1. d4 c5 2. c3 d5 3. Bf4 Nf6 4. Nf3 Nc6 5. e3 Qb6 6. Qc1 c4 7. Nbd2 Bf5 8. b3 cxb3 9. axb3 e6 10. Be2 Rc8 11. Qb2 h6 12. O-O Be7 13. c4 dxc4 14. Nxc4 Qd8 15. Nfe5 a6 16. Nxc6 Rxc6 17. Na5 Rb6 18. Rfc1 O-O 19. Bc7 1-0


[Site "https://www.chess.com"]

[Event "Titled Tuesday Blitz January 10 Late 2023"]
[White "Papp, Petra"]
[Black "Melikhov, Evgeny V."]
[WhiteFideId "739049"]
[BlackFideId "4122046"]
[WhiteElo "2343"]
[BlackElo "2269"]
[Result "0-1"]
[Round "11"]
[TimeControl "180+2"]
[Date "2023.01.10"]
[WhiteClock "0:00:10"]
[BlackClock "0:00:51"]

1. e4 c5 2. Nf3 d6 3. d4 cxd4 4. Nxd4 Nf6 5. Nc3 a6 6. Be3 e5 7. Nb3 Be6 8. f3 Be7 9. Qd2 O-O 10. O-O-O b5 11. g4 Nbd7 12. h4 Nb6 13. h5 Nc4 14. Bxc4 bxc4 15. Na1 Nd7 16. Nd5 Bxd5 17. exd5 Qc7 18. c3 Qa5 19. Kb1 Rfb8 20. g5 Nc5 21. Bxc5 Qxc5 22. g6 Bf6 23. h6 hxg6 24. hxg7 Bxg7 25. Nc2 Rb7 26. Nb4 Rab8 27. Ka1 Rxb4 28. cxb4 Rxb4 29. Qh2 e4 30. Rb1 Qa5 31. a3 Qxa3# 0-1


[Site "https://www.chess.com"]

[Event "Titled Tuesday Blitz January 10 Late 2023"]
[White "rikchessmx"]
[Black "Marcolino, Daniel Mattos"]
[BlackFideId "2106841"]
[WhiteElo "2330"]
[BlackElo "2006"]
[Result "1-0"]
[Round "11"]
[TimeControl "180+2"]
[Date "2023.01.10"]
[WhiteClock "0:02:42"]
[BlackClock "0:01:46"]

1. e4 c6 2. d4 d5 3. Nc3 dxe4 4. Nxe4 Nd7 5. Nf3 Ngf6 6. Neg5 e6 7. Bc4 h6 8. Nh3 c5 9. Qe2 Be7 10. Be3 b6 11. O-O-O Qc7 12. Bb5 O-O 13. g4 a6 14. Bd3 Bb7 15. Rhg1 Rfc8 16. g5 hxg5 17. Nfxg5 c4 18. Bh7+ Nxh7 19. Nxh7 Kxh7 20. Qh5+ Kg8 21. Rxg7+ Kf8 22. Qh8# 1-0


[Site "https://www.chess.com"]

[Event "Titled Tuesday Blitz January 10 Late 2023"]
[White "Rodrigues, Leonardo De Miranda"]
[Black "Vasques, Antonio Pedro Freixial"]
[WhiteFideId "2108658"]
[BlackFideId "1908332"]
[WhiteElo "2112"]
[BlackElo "2214"]
[Result "0-1"]
[Round "11"]
[TimeControl "180+2"]
[Date "2023.01.10"]
[WhiteClock "0:00:05"]
[BlackClock "0:00:09"]

1. d4 d5 2. Nf3 Nf6 3. g3 Bf5 4. Bg2 e6 5. O-O Be7 6. c4 a6 7. Qb3 Ra7 8. Nc3 c6 9. a4 O-O 10. a5 Nbd7 11. Rd1 Ne4 12. Bf4 g5 13. Be3 Bg6 14. Nd2 f5 15. cxd5 Nxc3 16. bxc3 cxd5 17. f4 b5 18. axb6 Qxb6 19. Qxb6 Nxb6 20. Rdb1 Bd8 21. fxg5 f4 22. gxf4 Bxb1 23. Rxb1 a5 24. Nb3 a4 25. Nc5 Kf7 26. Bh3 Re8 27. f5 exf5 28. Bf4 a3 29. Bxf5 a2 30. Ra1 Rxe2 31. Bxh7 Nc4 32. h4 Be7 33. h5 Bxc5 34. dxc5 Rb7 35. g6+ Kg7 36. h6+ Kh8 37. Rf1 Rb1 38. Bc1 Rxc1 39. Rxc1 Rb2 40. g7+ Kxh7 41. Rf1 Rb1 42. Kg2 Rxf1 43. Kxf1 a1=Q+ 44. Ke2 Qxc3 45. Kf2 Qe3+ 46. Kg2 Nd2 47. c6 Qf3+ 48. Kh2 Ne4 49. c7 Qg3+ 0-1


[Site "https://www.chess.com"]

[Event "Titled Tuesday Blitz January 10 Late 2023"]
[White "Dias, Joao Batista"]
[Black "Barria Zuniga, Daniel"]
[WhiteFideId "2108240"]
[BlackFideId "3400816"]
[WhiteElo "1796"]
[BlackElo "2341"]
[Result "1/2-1/2"]
[Round "11"]
[TimeControl "180+2"]
[Date "2023.01.10"]
[WhiteClock "0:01:03"]
[BlackClock "0:01:06"]

1. e4 c5 2. Nf3 Nc6 3. d4 cxd4 4. Nxd4 e6 5. Nxc6 bxc6 6. Bd3 Ne7 7. O-O Ng6 8. b3 Be7 9. Bb2 O-O 10. Nd2 a5 11. a4 f5 12. exf5 exf5 13. Re1 d5 14. Nf3 Bf6 15. Bxf6 Qxf6 16. Qe2 Ra7 17. Qd2 f4 18. Rad1 Bg4 19. Be2 Bxf3 20. Bxf3 Ne5 21. Qc3 Re8 22. Kf1 g5 23. h3 Kg7 24. Bh5 Ree7 25. Bf3 Ng6 26. Rxe7+ Nxe7 27. Qxf6+ Kxf6 28. Ke2 Ng6 29. Kd2 Ne5 30. Kc3 Ke6 31. Bg4+ Kd6 32. Bf5 h6 33. f3 c5 34. Be4 d4+ 35. Kb2 Ke7 36. c3 Rd7 37. cxd4 Rxd4 38. Rxd4 cxd4 39. Ka3 d3 40. Kb2 Kd6 41. Kc3 Kc5 42. Bxd3 Nc6 43. Bf5 Nb4 44. Be6 Kd6 45. Bf7 Kc5 46. Be6 Kd6 47. Bf7 Kc5 48. Be6 1/2-1/2


[Site "https://www.chess.com"]

[Event "Titled Tuesday Blitz January 10 Late 2023"]
[White "Gerbelli Neto, Eduardo"]
[Black "Jodorcovsky Werjivker, Paulo"]
[WhiteFideId "2103281"]
[BlackFideId "3700305"]
[WhiteElo "2114"]
[BlackElo "2182"]
[Result "1/2-1/2"]
[Round "11"]
[TimeControl "180+2"]
[Date "2023.01.10"]
[WhiteClock "0:00:27"]
[BlackClock "0:00:26"]

1. e4 e5 2. Nf3 Nc6 3. d4 exd4 4. Nxd4 Qf6 5. Nb5 Bc5 6. Be3 Bxe3 7. fxe3 Qh4+ 8. g3 Qxe4 9. Nxc7+ Kd8 10. Nxa8 Qxh1 11. Qg4 Nge7 12. Nc3 Qxh2 13. O-O-O Qh6 14. Qf4 Qxf4 15. exf4 b6 16. Nb5 Rf8 17. Bh3 f5 18. Nac7 Rf6 19. Nd5 Nxd5 20. Rxd5 Ne7 21. Rd6 Re6 22. Rxe6 dxe6 23. Nd6 Ba6 24. Kd2 Kd7 25. Nf7 h6 26. Ne5+ Kd6 27. Bg2 Nd5 28. c4 Nf6 29. Ke3 g5 30. b3 Nh5 31. Nf7+ Ke7 32. Nxh6 Nxg3 33. fxg5 Nh5 34. Bf3 Ng7 35. Ng8+ Kf7 36. Nf6 Kg6 37. Nd7 Kxg5 38. Nf8 Bc8 39. Bc6 e5 40. Nd7 Bxd7 41. Bxd7 Nh5 42. b4 f4+ 43. Ke4 Nf6+ 44. Kxe5 Nxd7+ 45. Kd6 f3 46. Kxd7 f2 47. c5 f1=Q 48. c6 Qb5 49. Kd6 Qxb4+ 50. Kd7 Qd4+ 51. Kc8 Qd6 52. c7 a5 53. Kb7 Qxc7+ 54. Kxc7 b5 55. Kb6 b4 56. Kxa5 Kf6 57. Kxb4 Ke7 58. Kb5 Kd8 59. Kb6 Kc8 60. Ka7 Kc7 61. a4 Kc8 62. a5 Kc7 63. a6 Kc8 64. Kb6 Kb8 65. a7+ Ka8 66. Ka6 1/2-1/2


[Site "https://www.chess.com"]

[Event "Titled Tuesday Blitz January 10 Late 2023"]
[White "Gatterer, Florian"]
[Black "Souza, Gustavo Horokoski De"]
[WhiteFideId "811688"]
[BlackFideId "2146584"]
[WhiteElo "2170"]
[BlackElo "1943"]
[Result "1-0"]
[Round "11"]
[TimeControl "180+2"]
[Date "2023.01.10"]
[WhiteClock "0:02:07"]
[BlackClock "0:02:16"]

1. d4 Nf6 2. Nf3 g6 3. g3 Bg7 4. Bg2 O-O 5. O-O d5 6. c3 c6 7. Bf4 Nh5 8. Be3 Nd7 9. Nbd2 Nhf6 10. h3 Re8 11. Re1 e5 12. Nxe5 Nxe5 13. dxe5 Rxe5 14. Bf4 Re7 15. e4 Nxe4 16. Nxe4 Bxh3 17. Bxh3 dxe4 18. Qxd8+ Rxd8 19. Rad1 Rde8 20. Bd6 1-0


[Site "https://www.chess.com"]

[Event "Titled Tuesday Blitz January 10 Late 2023"]
[White "Curtis, John"]
[Black "De Souza, Cristiano Gomes"]
[WhiteFideId "3200256"]
[BlackFideId "2151758"]
[WhiteElo "2292"]
[BlackElo "2018"]
[Result "0-1"]
[Round "11"]
[TimeControl "180+2"]
[Date "2023.01.10"]
[WhiteClock "0:00:03"]
[BlackClock "0:01:25"]

1. e4 c5 2. Nf3 d6 3. d4 cxd4 4. Nxd4 Nf6 5. Nc3 g6 6. Bc4 Bg7 7. Bb3 O-O 8. f3 Nc6 9. Be3 Bd7 10. Qd2 a5 11. h4 a4 12. Bxa4 Nxd4 13. Bxd7 Nxf3+ 14. gxf3 Nxd7 15. Bh6 Ne5 16. O-O Qb6+ 17. Kg2 Qxb2 18. Bxg7 Kxg7 19. Rab1 Qa3 20. Rb3 Qc5 21. Qd5 Qxd5 22. exd5 Rfc8 23. f4 Ng4 24. Re1 Kf8 25. Re2 Ra5 26. a4 Rac5 27. Ne4 Rxc2 28. Rxc2 Rxc2+ 29. Kf3 Nh6 30. Rxb7 Ra2 31. Rb8+ Kg7 32. Rb7 Nf5 33. Rb4 Nxh4+ 34. Ke3 Ra3+ 35. Ke2 Ng2 36. Nd2 Ne3 37. Rd4 Nf5 38. Rb4 h5 0-1


[Site "https://www.chess.com"]

[Event "Titled Tuesday Blitz January 10 Late 2023"]
[White "Simonovic, Miroslav"]
[Black "Weisz, Bryan"]
[WhiteFideId "919152"]
[BlackFideId "30934133"]
[WhiteElo "2082"]
[BlackElo "1973"]
[Result "0-1"]
[Round "11"]
[TimeControl "180+2"]
[Date "2023.01.10"]
[WhiteClock "0:00:03"]
[BlackClock "0:00:35"]

1. d4 d5 2. Bg5 Bg4 3. h3 Bh5 4. g4 h6 5. Bf4 g5 6. Be5 f6 7. Bg3 Bg6 8. e3 Nc6 9. Bd3 Be4 10. f3 Bh7 11. Bxh7 Rxh7 12. Qd3 Rf7 13. Qg6 e6 14. Qxg8 Ne7 15. Qh8 Ng6 16. Qg8 Ne7 17. Qh8 Qd7 18. h4 Ng6 19. Qg8 Rg7 20. Qxg7 Bxg7 21. h5 Ne7 22. Nc3 b5 23. a3 Rb8 24. Nge2 a5 25. a4 b4 26. Nb5 e5 27. dxe5 fxe5 28. Kf2 Rb7 29. Rad1 c6 30. c4 cxb5 31. cxb5 Nc8 32. Rd2 Nb6 33. Rhd1 Qe6 34. b3 Rd7 35. Rc1 d4 36. Rc6 dxe3+ 37. Kxe3 Qxb3+ 38. Nc3 bxc3 39. Rxd7 Nxd7 40. Rc8+ Ke7 41. Kf2 c2 42. Bxe5 Bxe5 43. Rc6 Qb2 44. Ke2 c1=Q+ 45. Kd3 Qbc2+ 0-1


[Site "https://www.chess.com"]

[Event "Titled Tuesday Blitz January 10 Late 2023"]
[White "Delaere, Jeroen"]
[Black "Ali, Kairi G."]
[WhiteFideId "204129"]
[BlackFideId "9206655"]
[WhiteElo "2104"]
[BlackElo "1802"]
[Result "0-1"]
[Round "11"]
[TimeControl "180+2"]
[Date "2023.01.10"]
[WhiteClock "0:00:06"]
[BlackClock "0:01:09"]

1. d4 c5 2. d5 d6 3. Nc3 g6 4. e4 Bg7 5. Bb5+ Bd7 6. a4 a6 7. Be2 Nf6 8. Nf3 O-O 9. O-O Qa5 10. Bd2 Qb6 11. a5 Qxb2 12. Rb1 Qa3 13. Rxb7 Qxa5 14. e5 dxe5 15. Nxe5 Qd8 16. Bf3 Ne8 17. Re1 Nd6 18. Rb1 Bf5 19. Nc6 Nxc6 20. dxc6 Rc8 21. Nd5 Be6 22. c7 Qe8 23. Ba5 Nc4 24. Bc3 Bxd5 25. Bxg7 Bxf3 26. Qxf3 Kxg7 27. Qc3+ f6 28. Qxc4 Rxc7 29. Qxa6 Qc8 30. Qc4 Qf5 31. Re6 Rd8 32. Rbe1 Rdd7 0-1


[Site "https://www.chess.com"]